 Dungeon Crawl Stone Soup version 0.32-a0-898-g7811c86cf0 (webtiles) character file.

Game seed: 2482320436725956922

33 wildpjah the Poker (level 3, -4/29 HPs)
             Began as a Mountain Dwarf Reaver on Apr 4, 2024.
             Was an Initiate of Gozag.
             Slain by Robin
             ... wielding a +0 short sword
              (5 damage)
             ... on level 2 of the Dungeon.
             The game lasted 00:02:17 (959 turns).

wildpjah the Poker (Mountain Dwarf Reaver)           Turns: 959, Time: 00:02:19

Health: -4/29      AC:  6    Str: 16    XL:     3   Next: 12%
Magic:  5/5        EV: 10    Int: 13    God:    Gozag
Gold:   80         SH:  0    Dex: 14    Spells: 4/5 levels left

rFire   . . .        a - +0 spear
rCold   . . .        (no shield)
rNeg    . . .        c - +0 ring mail
rPois   .            (no helmet)
rElec   .            (no cloak)
rCorr   .            (no gloves)
SInv    .            e - +0 pair of boots
Will    .....        (no amulet)
Stlth   +            d - +6 ring of dexterity
HPRegen 0.24/turn    (no ring)
MPRegen 0.09/turn

%: no passive effects
@: gold aura
A: runic magic, artefact enchanting
a: Renounce Religion, Potion Petition, Call Merchant, Bribe Branch


You were on level 2 of the Dungeon.
You worshipped Gozag.
Gozag was noncommittal.
You visited 1 branch of the dungeon, and saw 2 of its levels.

You collected 80 gold pieces.

Inventory:

Hand Weapons
 a - a +0 spear (weapon)
Armour
 b - a +0 leather armour
 c - a +0 ring mail (worn)
 e - a +0 pair of boots (worn)
Jewellery
 d - a +6 ring of dexterity (left hand)


   Skills:
 + Level 2.3 Fighting
 - Level 3.0(3.1) Polearms
 * Level 1.4(2.5) Staves
 + Level 0.2 Armour
 + Level 1.5 Dodging
 + Level 1.9 Spellcasting
 + Level 3.0 Conjurations
 * Level 1.1 Evocations


You had 4 spell levels left.
You knew the following spells:

 Your Spells              Type           Power      Damage    Failure   Level
a - Kiss of Death         Conj/Necr      20%        2d7       16%         1

Your spell library contained the following spells:

 Spells                   Type           Power      Damage    Failure   Level
 Momentum Strike          Conj/Tloc      10%        3d8       24%         2
 Hailstorm                Conj/Ice       5%         3d5       43%         3


Dungeon Overview and Level Annotations

Branches:
Dungeon (2/15)

Altars:
Gozag

Shops:
D:1 [

Annotations:
D:2 Robin


Innate Abilities, Weirdness & Mutations

Your spellcasting is much less encumbered by armour.
You can use scrolls of enchantment on lesser artefacts.


Message History

The goblin barely misses you.
You closely miss the goblin.
The goblin is severely wounded.
The goblin is distracted by your dazzling golden aura.
The goblin hits you with a +0 club.
* * * LOW HITPOINT WARNING * * *
You hit the goblin.
You kill the goblin!
The goblin hits you but does no damage.
Robin is distracted by your dazzling golden aura.
The goblin hits you but does no damage.
Things that are here:
13 gold pieces; a +0 club; a +2 dagger of electrocution The goblin is no longer distracted by gold.
Robin shouts!
You hit the goblin.
The goblin is moderately wounded.
Robin is no longer distracted by gold.
The goblin hits you with a +0 dagger.
* * * LOW HITPOINT WARNING * * *
Robin throws the goblin at you! The goblin hits you with a +0 dagger.
* * * LOW HITPOINT WARNING * * *
You hit the goblin.
You kill the goblin!
The goblin hits you but does no damage.
You hit the goblin.
The goblin is severely wounded.
The goblin closely misses you.
You closely miss Robin. Robin barely misses you.
The goblin hits you with a +0 dagger.
* * * LOW HITPOINT WARNING * * *
You hit Robin.
Robin is moderately wounded.
Robin barely misses you. The goblin hits you but does no damage.
You hit Robin but do no damage.
Robin is moderately wounded.
The goblin no longer looks unusually strong.
Robin hits you with a +0 short sword.
You die...
Robin says, "And that's why I'm the boss."
Your body crumbles into a pile of gold.

.......................>#######
####################..#.#
#......#.# #.###.##.#
#.##..##.# #.##.###.# #.##.#
#.# #g##.# #.# #@##.#
#######g##.# ..$...$....#
.....##$#### .... #.# ..( #.#
.. #.# . #.# #.#


You could see Robin and a goblin.

Vanquished Creatures
  2 dart slugs
  4 ball pythons
  An endoplasm (D:2)
  2 giant cockroaches (D:1)
  7 goblins
  A hobgoblin (D:1)
  2 quokkas
  2 bats
  A frilled lizard (D:1)
  2 kobolds (D:1)
  2 rats (D:1)
26 creatures vanquished.

Notes
Turn   | Place    | Note
-------+----------+-------------------------------------------
     0 | D:1      | wildpjah the Mountain Dwarf Reaver began the quest for the
                  | Orb.
     0 | D:1      | Reached XP level 1. HP: 17/17 MP: 3/3
   168 | D:1      | Reached XP level 2. HP: 24/24 MP: 4/4
   185 | D:1      | Reached skill level 1 in Staves
   246 | D:1      | Found Hureet's Antique Armour Boutique.
   642 | D:1      | Found a faded altar of an unknown god.
   789 | D:1      | Prayed at the altar of an unknown god.
   789 | D:1      | Became a worshipper of Gozag Ym Sagoz the Greedy
   867 | D:2      | Reached skill level 1 in Evocations
   941 | D:2      | Identified the +0 helmet of the Equinox {Int+4}
   941 | D:2      | Noticed Robin
   948 | D:2      | Reached XP level 3. HP: 8/29 MP: 5/5
   954 | D:2      | HP: 1/29 [goblin/+0 dagger[Robin] (2)]
   959 | D:2      | Slain by Robin

Illustrated notes

Levels and vault maps discovered:
D:1:      eino_arrival_water_star, layout_loops_ring, serial_forest,
          infiniplex_forest_end_2, infiniplex_forest_clump_double,
          infiniplex_forest_end_2, infiniplex_forest_clump_C,
          infiniplex_forest_lined_2, infiniplex_forest_clump_small,
          infiniplex_forest_clump_double, infiniplex_forest_lined_room_2,
          serial_shops, shop, hellmonk_ecumenical_altar_inner_sanctum
D:2:      layout_basic, uniq_robin

Skill      XL: |  1  2 |
---------------+-------+-----
Staves         | 1 |  1.4
Conjurations   | 3 |  3.0
Evocations     | 1 |  1.1
Fighting       | |  2.3
Polearms       | |  3.0
Armour         | |  0.2
Dodging        | |  1.5
Spellcasting   | |  1.9

Action                     || total
---------------------------++-------
  Melee: Spear             ||    92
 Armour: Ring mail         ||    41
         Leather armour    ||     3
  Dodge: Dodged            ||    41

Table legend: (Time is in decaauts)
 A = Elapsed time spent in this place.
 B = Non-inter-level travel time spent in this place.
 C = Inter-level travel time spent in this place.
 D = Time resting spent in this place.
 E = Time spent auto-exploring this place.
 F = Levels seen in this place.
 G = Mean time per level.
                   A        B        C        D        E       F      G
               +--------+--------+--------+--------+--------+-----+--------+
         Total |    955 |    870 |     85 |      0 |    692 |   2 |  477.5 |
       Dungeon |    955 |    870 |     85 |      0 |    692 |   2 |  477.5 |
               +--------+--------+--------+--------+--------+-----+--------+

Top non-repeatable levels by time:
     D:1: 825 daAuts
     D:2: 129 daAuts
